 Dungeon Crawl Stone Soup version 0.31-a0-1083-g4fe0c3d (webtiles) character file.

Game seed: 3519681604989198964

808 Speno the Trooper (level 7, -3/51 HPs)
             Began as an Octopode Monk on Nov 27, 2023.
             Slain by a gnoll sergeant
             ... wielding a +0 spear
              (7 damage)
             ... on level 3 of the Dungeon.
             The game lasted 00:09:49 (3567 turns).

Speno the Trooper (Octopode Monk)                   Turns: 3567, Time: 00:09:49

Health: -3/51      AC:  1    Str: 10    XL:     7   Next: 92%
Magic:  7/7        EV: 16    Int: 12    God:
Gold:   259        SH:  0    Dex: 17    Spells: 6/6 levels left

rFire   . . .        a - +0 falchion
rCold   . . .        c - orb {light}
rNeg    . . .        (helmet restricted)
rPois   .            (no amulet)
rElec   .            (no ring)
rCorr   .            (no ring)
SInv    .            (no ring)
Will    .....        (no ring)
Stlth   +            (no ring)
HPRegen 0.28/turn    (no ring)
MPRegen 0.10/turn    (no ring)
                     (no ring)

%: no passive effects
@: glowing
A: almost no armour, amphibious, 8 rings, camouflage 1, gelatinous body 1,
(nimble swimmer 1), tentacles
a: no special abilities


You were on level 3 of the Dungeon.
You visited 1 branch of the dungeon, and saw 3 of its levels.

You collected 259 gold pieces.

Inventory:

Hand Weapons
 a - a +0 falchion (weapon)
 b - a +2 dagger of pain
 d - a +2 flail of draining
 e - a +0 dagger of freezing
 k - a +1 dagger of speed
 o - a +0 spear
 q - a +0 sling
Missiles
 h - 2 poisoned darts
 r - 3 throwing nets
Armour
 c - an orb of light (worn)
Wands
 m - a wand of polymorph (6)
Scrolls
 f - a scroll of poison
 i - a scroll of amnesia {unknown}
 l - a scroll of enchant armour {unknown}
Potions
 g - 3 potions of attraction
 j - a potion of ambrosia


   Skills:
 + Level 5.7 Fighting
 - Level 1.7(3.9) Short Blades
 + Level 5.4(5.6) Long Blades
 + Level 5.7 Dodging


You had 6 spell levels left.
You didn't know any spells.
Your spell library contained the following spells:

 Spells                   Type           Power      Damage    Failure   Level
 Foxfire                  Conj/Fire      0%         2x1d4     32%         1
 Ensorcelled Hibernation  Hex/Ice        0%         N/A       45%         2
 Passwall                 Tmut/Erth      0%         N/A       45%         2
 Swiftness                Air            0%         N/A       69%         3


Dungeon Overview and Level Annotations

Branches:
Dungeon (3/15)

Altars:
Kikubaaqudgha
Sif Muna
Uskayaw
Vehumet
Wu Jian


Innate Abilities, Weirdness & Mutations

You cannot wear most types of armour.
You are amphibious.
You can wear up to eight rings at the same time.
Your skin changes colour to match your surroundings (Stealth+).
Your rubbery body absorbs attacks. (AC +1, EV +1)
((You are camouflaged when in or above water. (Stealth+)))
You have tentacles for arms and can constrict up to eight enemies at once.


Message History

A gnoll sergeant comes into view. It is wielding a +0 spear.
The gnoll sergeant hits you from afar with a +0 spear!
The gnoll sergeant hits you with a +0 spear.
There is a large open door here.
You hit the gnoll sergeant but do no damage.
You grab the gnoll sergeant.
You constrict the gnoll sergeant, but do no damage.
The gnoll sergeant hits you with a +0 spear.
You are too injured to fight recklessly!
Unknown command.
You hit the gnoll sergeant. You squeeze the gnoll sergeant!
The gnoll sergeant is heavily wounded.
You constrict the gnoll sergeant, but do no damage.
The gnoll sergeant closely misses you.
Unknown command.
You hit the gnoll sergeant.
You squeeze the gnoll sergeant, but do no damage.
The gnoll sergeant is heavily wounded.
You constrict the gnoll sergeant, but do no damage.
The gnoll sergeant hits you with a +0 spear.
You hit the gnoll sergeant but do no damage.
You squeeze the gnoll sergeant.
The gnoll sergeant is severely wounded.
You constrict the gnoll sergeant, but do no damage.
The gnoll sergeant barely misses you.
You hit the gnoll sergeant.
The gnoll sergeant is severely wounded.
You constrict the gnoll sergeant.
The gnoll sergeant hits you with a +0 spear!
You hit the gnoll sergeant but do no damage.
The gnoll sergeant is almost dead.
You constrict the gnoll sergeant.
The gnoll sergeant hits you with a +0 spear!
* * * LOW HITPOINT WARNING * * *
Unknown command.
You hit the gnoll sergeant.
The gnoll sergeant is almost dead.
You constrict the gnoll sergeant.
The gnoll sergeant hits you with a +0 spear!
You die...

#'# ######....####### #' #.#
.....').).'.....' #. #.#
######....####### #.
#.##############))#######
#.'....'.......))........
#.'....)...)..)..........
#.######................. #.#
#.......).)....... #. #.#
#########@'####### #. #g#
......g..'..... #'
..##############################.
g.#............................#.
###~≈≈≈~~~≈~~~~~~≈≈~~≈≈~~~÷≈≈~≈##
≈≈~≈≈≈≈≈~≈≈≈~~~≈~≈≈≈≈≈≈≈≈≈≈≈≈≈≈≈≈
≈~~~~~≈~~~~~~~≈~~~~~~~~~~~~≈~~~~≈
......P................P.......O.
.........................P.......


You could see a gnoll sergeant.

Vanquished Creatures
  An ogre (D:3)
  2 howler monkeys (D:3)
  9 orc wizards (D:3)
  28 gnolls (D:3)
  3 adders (D:2)
  A worm (D:2)
  4 dart slugs
  14 orcs (D:3)
  4 bats
  3 endoplasms
  7 giant cockroaches
  6 goblins
  6 hobgoblins
  12 jackals (D:3)
  11 kobolds
  2 quokkas
  6 ball pythons
  A frilled lizard (D:1)
  5 rats
125 creatures vanquished.

Notes
Turn   | Place    | Note
-------+----------+-------------------------------------------
     0 | D:1      | Speno the Octopode Monk began the quest for the Orb.
     0 | D:1      | Reached XP level 1. HP: 16/16 MP: 1/1
   132 | D:1      | Reached XP level 2. HP: 21/21 MP: 2/2
  1063 | D:2      | Found a faded altar of an unknown god.
  1070 | D:2      | Reached XP level 3. HP: 26/26 MP: 3/3
  1367 | D:2      | Reached skill level 1 in Short Blades
  1367 | D:2      | Reached XP level 4. HP: 20/33 MP: 4/4
  1889 | D:3      | Found an ornate altar of the Wu Jian Council.
  1968 | D:3      | Found a hide-covered altar of Uskayaw.
  1973 | D:3      | Noticed an ogre
  1984 | D:3      | Reached XP level 5. HP: 27/37 MP: 5/5
  2164 | D:3      | Reached XP level 6. HP: 34/44 MP: 6/6
  2611 | D:3      | Reached XP level 7. HP: 49/49 MP: 7/7
  2636 | D:3      | Reached skill level 5 in Dodging
  2639 | D:3      | Reached skill level 5 in Fighting
  2906 | D:3      | Found a radiant altar of Vehumet.
  2950 | D:3      | Reached skill level 5 in Long Blades
  3380 | D:3      | Got Vehumet's Excursus on the Impact
  3387 | D:3      | Found an ancient bone altar of Kikubaaqudgha.
  3441 | D:3      | Found a shimmering blue altar of Sif Muna.
  3567 | D:3      | Slain by a gnoll sergeant

Illustrated notes

Levels and vault maps discovered:
D:1:      dpeg_arrival_short_road, layout_basic
D:2:      minmay_inner_zag, layout_basic, hellmonk_ecumenical_altar_heavens_door
D:3:      lemuel_castle_with_subvaults [lemuel_castle_interior_original],
          layout_loops_ring, palyth_temple_overflow_mages, lemuel_tele_altar,
          nicolae_uskayaw_murder_on_the_dancefloor,
          mainiacjoe_overflow_brackets, minmay_gold_behind_fungi, uniq_grinder

Skill      XL: |  1  2  3  4  5  6  7 |
---------------+----------------------+-----
Short Blades   | 1 |  1.7
Fighting       | 4 5 |  5.7
Dodging        | 4 5 |  5.7
Long Blades    | 4 5 |  5.4

Action                     |  1- 3 |  4- 6 |  7- 9 || total
---------------------------+-------+-------+-------++-------
  Melee: Falchion          |    26 |       |    61 ||    87
         Constrict         |    25 |    51 |    31 ||   107
         Tentacles         |    20 |    46 |    33 ||    99
         Dagger            |    42 |   139 |    92 ||   273
         Punch             |       |     4 |     2 ||     6
         Unarmed           |       |       |     2 ||     2
    Use: Scroll            |       |     2 |     5 ||     7
         Potion            |       |       |     5 ||     5
   Stab: Sleeping          |     2 |       |       ||     2
         Fleeing           |       |       |     1 ||     1
 Armour: Skin              |    21 |    32 |   161 ||   214
  Dodge: Dodged            |    33 |    79 |    80 ||   192

Table legend: (Time is in decaauts)
 A = Elapsed time spent in this place.
 B = Non-inter-level travel time spent in this place.
 C = Inter-level travel time spent in this place.
 D = Time resting spent in this place.
 E = Time spent auto-exploring this place.
 F = Levels seen in this place.
 G = Mean time per level.
                   A        B        C        D        E       F      G
               +--------+--------+--------+--------+--------+-----+--------+
         Total |   3450 |   3415 |     35 |    556 |   1808 |   3 | 1150.0 |
       Dungeon |   3450 |   3415 |     35 |    556 |   1808 |   3 | 1150.0 |
               +--------+--------+--------+--------+--------+-----+--------+

Top non-repeatable levels by time:
     D:3: 1659 daAuts
     D:1: 964 daAuts
     D:2: 827 daAuts
